 Dungeon Crawl Stone Soup version 0.22.1-2-g9c5b331 (webtiles) character file.

334 whitewolfNL the Cudgeler (level 6, -13/118 HPs)
             Began as a Minotaur Berserker on Nov 27, 2018.
             Was a Believer of Trog.
             Killed from afar by Menkaure (21 damage)
             ... with an exploding inner flame
             ... hexed by the player character
             ... on level 4 of the Dungeon.
             The game lasted 00:10:59 (2750 turns).

whitewolfNL the Cudgeler (Minotaur Berserker)       Turns: 2750, Time: 00:11:00

Health: -13/118    AC: 23    Str: 27    XL:     6   Next: 27%
Magic:  14/14      EV:  2    Int: 10    God:    Trog [**....]
Gold:   169        SH:  0    Dex: 10    Spells: 5/5 levels left

rFire    . . .     SeeInvis .   a - +0 mace
rCold    . . .     Gourm    .   (no shield)
rNeg     + + +     Faith    .   (armour currently unavailable)
rPois    +         Spirit   .   (helmet currently unavailable)
rElec    .         Reflect  .   (cloak currently unavailable)
rCorr    .         Harm     .   (gloves currently unavailable)
MR       .....     NoTele   +   (boots currently unavailable)
Stlth    ..........             (no amulet)
HPRegen  0.29/turn              l - ring of magical power
MPRegen  0.14/turn              (no ring)

@: brilliant, berserking (expiring), tree-form (expiring), hasted, very quick
A: (retaliatory headbutt), repulsion field 1
a: Berserk, Trog's Hand, Renounce Religion


You were on level 4 of the Dungeon.
You worshipped Trog.
Trog was pleased with you.
You were not hungry.
You were a tree.
You visited 1 branch of the dungeon, and saw 4 of its levels.

You collected 169 gold pieces.

Inventory:

Hand Weapons
 a - a +0 mace (weapon)
 u - a +0 trident of protection
Missiles
 f - 75 stones (quivered)
 k - 10 sling bullets
Armour
 j - a +0 chain mail (melded)
Jewellery
 l - a ring of magical power (left branch)
Wands
 o - a wand of flame (27)
 w - a wand of paralysis (5)
Scrolls
 d - a scroll of teleportation
 p - a scroll of identify
 x - a scroll of blinking
Potions
 e - 3 potions of lignification
 h - 2 potions of magic
 i - 2 potions of brilliance
 r - a potion of flight
Comestibles
 c - 4 rations
 v - 2 chunks of flesh


   Skills:
 + Level 4.3 Fighting
 * Level 6.1 Maces & Flails
 * Level 4.4 Armour
 * Level 3.3 Dodging
 * Level 1.5 Stealth


You had 5 spell levels left.
You didn't know any spells.
Your spell library was empty.

Dungeon Overview and Level Annotations

Branches:
Dungeon (4/15)
 Temple: D:4-7

Altars:
Nemelex Xobeh
Okawaru


Innate Abilities, Weirdness & Mutations

((You reflexively headbutt those who attack you in melee.))
((You have a pair of horns on your head.))
You are surrounded by a mild repulsion field. (EV +2)
((Your flesh is heat resistant. (rF+)))


Message History

Increase (S)trength, (I)ntelligence, or (D)exterity?
You feel agile.
Menkaure hums, "It doesn't hurt if you pull your brain out of your nose You hit Menkaure but do no damage.
Menkaure hits you but does no damage.
Some of the chunks of flesh in your inventory have rotted away.
You hit Menkaure.
Menkaure is moderately damaged.
You barely miss Menkaure.
Menkaure is moderately damaged.
Menkaure hits you!
* * * LOW HITPOINT WARNING * * *
You sock Menkaure!
Menkaure is almost destroyed.
Your transformation is almost over.
Menkaure hits you.
* * * LOW HITPOINT WARNING * * *
You sock Menkaure!
Menkaure explodes!
The fiery explosion engulfs you!
You die...

#####.# #§§h..# #♣#
#)# #.# #.### #...#
##########
#.#.###........##
##................
##..##.....#.......
#.#...#....#......#


You could see a hound.

Vanquished Creatures
  Eustachio (D:4)
  A hound (D:4)
  An orc wizard (D:3)
  A worker ant (D:4)
  3 adders
  An ooze (D:2)
  2 dart slugs (D:1)
  3 leopard geckos
  3 orcs (D:3)
  5 giant cockroaches
  5 goblins
  8 hobgoblins
  15 jackals
  3 quokkas
  A ball python (D:1)
  3 bats
  3 frilled lizards
  5 kobolds
  5 rats
69 creatures vanquished.

Notes
Turn   | Place    | Note
-------+----------+-------------------------------------------
     0 | D:1      | whitewolfNL the Minotaur Berserker began the quest for the
                  | Orb.
     0 | D:1      | Reached XP level 1. HP: 19/19 MP: 0/0
   297 | D:1      | Reached skill level 4 in Maces & Flails
   297 | D:1      | Reached XP level 2. HP: 26/27 MP: 1/1
   915 | D:2      | Reached XP level 3. HP: 30/33 MP: 2/2
   955 | D:2      | Reached ** piety under Trog
  1166 | D:2      | Reached XP level 4. HP: 40/40 MP: 3/3
  1271 | D:2      | Reached skill level 5 in Maces & Flails
  1281 | D:2      | Reached skill level 1 in Stealth
  1457 | D:2      | Found a sparkling altar of Nemelex Xobeh.
  1885 | D:3      | Found an iron altar of Okawaru.
  2298 | D:3      | Reached XP level 5. HP: 42/46 MP: 4/4
  2672 | D:4      | Noticed Eustachio
  2712 | D:4      | Noticed Menkaure
  2733 | D:4      | Gained mutation: Your flesh is heat resistant. (rF+)
                  | [potion of mutation]
  2733 | D:4      | Gained mutation: You are surrounded by a mild repulsion
                  | field. (EV +2) [potion of mutation]
  2745 | D:4      | Killed Eustachio
  2745 | D:4      | Reached skill level 6 in Maces & Flails
  2745 | D:4      | Reached XP level 6. HP: 19/53 MP: 5/5
  2750 | D:4      | Killed Menkaure
  2750 | D:4      | Killed from afar by Menkaure

Skill      XL: |  1  2  3  4  5 |
---------------+----------------+-----
Maces & Flails | 4 5 6 |  6.1
Fighting       | 4 |  4.3
Stealth        | 1 |  1.5
Armour         | 3 4 |  4.4
Dodging        | 3 |  3.3

Action                   |  1- 3 |  4- 6 || total
-------------------------+-------+-------++-------
Melee: Mace              |    70 |   114 ||   184
       Headbutt          |    10 |    12 ||    22
Invok: Berserk           |     1 |     2 ||     3
  Use: Scroll            |       |     7 ||     7
       Potion            |       |     9 ||     9
  Eat: Chunk             |     1 |     7 ||     8
Armor: Animal skin       |     7 |       ||     7
       Chain mail        |    36 |    97 ||   133
       Skin              |       |    52 ||    52
Dodge: Dodged            |    42 |    77 ||   119
